 Dungeon Crawl Stone Soup version 0.31-a0-865-g3d5d91748a (webtiles) character file.

Game seed: 12296498816802540587

51706 croobank the Martial Artist (level 14, 0/109 HPs)
             Began as a Gnoll Shapeshifter on Oct 10, 2023.
             Was a High Priest of Nemelex Xobeh.
             Slain by a dire elephant zombie (6 damage)
             ... on level 5 of the Lair of Beasts on Oct 11, 2023.
             The game lasted 01:25:06 (23302 turns).

croobank the Martial Artist (Gnoll Shapeshifter)   Turns: 23302, Time: 01:25:06

Health: 0/109      AC: 13    Str: 13    XL:     14   Next: 60%
Magic:  18/27      EV: 16    Int: 14    God:    Nemelex Xobeh [*****.]
Gold:   821        SH:  5    Dex: 13    Spells: 12/32 levels left

rFire   . . .        j - melded +0 short sword (speed)
rCold   . . .        J - melded +5 kite shield of Durable Music {rCorr}
rNeg    + . .        G - +1 steam dragon scales
rPois   .            v - +0 helmet
rElec   .            w - +0 cloak
rCorr   .            O - +0 pair of gloves
SInv    .            K - +0 pair of boots
Will    ++...        n - amulet of reflection
Stlth   ++           L - ring of willpower
HPRegen 0.38/turn    H - ring of positive energy
MPRegen 0.20/turn

%: reflection
@: flux-form, glowing
A: glow, contaminating, fangs 1, strong nose, distributed training
a: Begin Untransformation, Renounce Religion, Draw Escape, Draw Destruction,
Draw Summoning, Triple Draw, Deal Four, Stack Five


You were on level 5 of the Lair of Beasts.
You worshipped Nemelex Xobeh.
Nemelex Xobeh was extremely pleased with you.
You were something dangerously unstable.
You visited 2 branches of the dungeon, and saw 17 of its levels.

You collected 1392 gold pieces.
You spent 571 gold pieces at shops.

Inventory:

Hand Weapons
 a - the +7 rapier "Osush" {freeze, Str+5}
   (You found it on level 5 of the Lair of Beasts)

   Str+5:     It affects your strength (+5).
 j - a +0 short sword of speed (melded)
 u - a +2 short sword of draining
 E - a +3 quarterstaff of chaos
 F - the +4 hammer of Destiny {holy, Fly Dex-2 SInv}
   (You found it on level 7 of the Dungeon)

   Dex-2:     It affects your dexterity (-2).
   SInv:      It lets you see invisible.
   Fly:       It grants you flight.
 I - a +4 dagger of chaos
 M - a +0 scimitar of venom
Missiles
 f - 8 javelins
 x - 23 poisoned darts (quivered)
Armour
 h - an orb of light
 v - a +0 helmet (worn)
 w - a +0 cloak (worn)
 G - +1 steam dragon scales (worn)
 J - the +5 kite shield of Durable Music (melded) {rCorr}
   (You found it on level 3 of the Lair of Beasts)

   rCorr:     It protects you from acid and corrosion.
 K - a +0 pair of boots (worn)
 O - a +0 pair of gloves (worn)
 U - a +1 leather armour of positive energy
Jewellery
 k - a ring of protection from fire
 n - an amulet of reflection (around neck)
 q - a ring of poison resistance
 H - a ring of positive energy (right hand)
 L - a ring of willpower (left hand)
 P - an amulet of guardian spirit
Talismans
 c - a beast talisman
 d - a flux talisman (active)
 Q - a blade talisman
 Y - a maw talisman
Wands
 e - a wand of light (9)
 o - a wand of polymorph (10)
 r - a wand of roots (6)
 B - a wand of mindburst (8)
 D - a wand of flame (35)
 Z - a wand of charming (10)
Scrolls
 b - 4 scrolls of blinking
 g - 5 scrolls of fear
 p - 3 scrolls of teleportation
 R - 6 scrolls of identify
 T - a scroll of revelation
 V - 3 scrolls of vulnerability
Potions
 i - 2 potions of enlightenment
 m - 4 potions of curing
 s - 4 potions of haste
 t - 3 potions of mutation
 y - a potion of heal wounds
 z - 3 potions of brilliance
 A - a potion of resistance
 C - 2 potions of might
 S - 2 potions of attraction
 W - a potion of magic
 X - a potion of ambrosia
Miscellaneous
 l - a condenser vane
 N - a lightning rod (4/4)


   Skills:
 + Level 9.9 Fighting
 + Level 9.5 Short Blades
 + Level 9.5 Long Blades
 + Level 9.5 Axes
 + Level 9.5 Maces & Flails
 + Level 9.5 Polearms
 + Level 9.5 Staves
 + Level 9.5 Ranged Weapons
 + Level 9.5 Throwing
 + Level 9.5 Armour
 + Level 10.6 Dodging
 + Level 9.5 Stealth
 + Level 9.5 Shields
 + Level 11.5 Unarmed Combat
 + Level 9.5 Spellcasting
 + Level 8.0 Conjurations
 + Level 8.0 Hexes
 + Level 8.0 Summonings
 + Level 8.0 Necromancy
 + Level 8.0 Translocations
 + Level 8.0 Transmutations
 + Level 8.0 Fire Magic
 + Level 8.0 Ice Magic
 + Level 8.0 Air Magic
 + Level 8.0 Earth Magic
 + Level 8.0 Poison Magic
 + Level 10.4 Invocations
 + Level 9.5 Evocations
 + Level 10.9 Shapeshifting


You had 12 spell levels left.
You knew the following spells:

 Your Spells              Type           Power      Damage    Failure   Level
a - Blink                 Tloc           58%        N/A       1%          2
b - Jinxbite              Hex            58%        N/A       1%          2
c - Call Canine Familiar  Summ           29%        N/A       1%          3
d - Summon Guardian Gole  Hex/Summ       29%        N/A       1%          3
e - Wereblood             Tmut           29%        N/A       1%          2
f - Frozen Ramparts       Ice            58%        1d9       1%          3
g - Freezing Cloud        Conj/Ice/Air   14%        6-21      12%         5

Your spell library contained the following spells:

 Spells                   Type           Power      Damage    Failure   Level
 Apportation              Tloc           58%        N/A       1%          1
 Freeze                   Ice            100%       1d10      1%          1
 Magic Dart               Conj           100%       1d8       1%          1
 Sandblast                Erth           58%        2d13      1%          1
 Summon Small Mammal      Summ           100%       N/A       1%          1
 Cigotuvi's Dreadful Rot  Necr/Pois/Air  58%        N/A       1%          2
 Passwall                 Tmut/Erth      24%        N/A       1%          2
 Searing Ray              Conj           58%        2d6       1%          2
 Sublimation of Blood     Necr           29%        N/A       1%          2
 Gell's Gravitas          Tloc           29%        N/A       1%          3
 Hailstorm                Conj/Ice       29%        3d8       1%          3
 Ignite Poison            Fire/Tmut/Pois 29%        N/A       1%          3
 Stone Arrow              Conj/Erth      58%        3d10      1%          3
 Teleport Other           Tloc           29%        N/A       1%          3
 Brom's Barrelling Bould  Conj/Erth      29%        2d5       4%          4
 Fulminant Prism          Conj/Hex       14%        3d8       4%          4
 Manifold Assault         Tloc           29%        N/A       4%          4
 Alistair's Intoxication  Tmut/Pois      19%        N/A       12%         5
 Dispersal                Tloc           14%        N/A       54%         6
 Summon Hydra             Summ           14%        N/A       98%         7


Dungeon Overview and Level Annotations

Branches:
Dungeon (12/15)            Temple (0/1) D:4            Lair (5/5) D:9
  Swamp (0/4) Lair:2       Spider (0/4) Lair:2        Slime (0/5) Lair:4
    Orc (0/2) D:10

Altars:
Cheibriados
Dithmenos
Fedhas
Gozag
Hepliaklqana
Makhleb
Nemelex Xobeh
Qazlal
Sif Muna
Trog
Uskayaw
The Shining One
Jiyva

Shops:
D:8 *   D:11 !

Annotations:
Lair:5 exclusion: obsidian statue


Innate Abilities, Weirdness & Mutations

You are something dangerously unstable.
You glow with magical radiation, making you easy to see and hit.
Foes you strike become dangerously contaminated with magical radiation.
You are incapable of wielding weapons or throwing items.
You have very sharp teeth.
Your uncanny sense of smell can sniff out nearby items.
Your experience applies equally to all skills.


Message History

The dire elephant zombie is engulfed in blazing flames.
The dire elephant zombie tramples your guardian golem.
Your guardian golem stumbles backwards!
The withered plant is engulfed in blazing flames.
The withered plant crumbles away.
The dire elephant zombie tramples you!!
You stumble backwards!
You punch the dire elephant zombie!
The dire elephant zombie begins to glow.
The dire elephant zombie is heavily damaged.
The dire elephant zombie tramples you!!
You stumble backwards!
You hit the dire elephant zombie but do no damage.
The dire elephant zombie glows dangerously bright.
The dire elephant zombie is heavily damaged.
You hit the dire elephant zombie but do no damage.
The dire elephant zombie shudders as magic cascades through it.
The dire elephant zombie is heavily damaged.
The dire elephant zombie tramples you!!
You stumble backwards!
You hit the dire elephant zombie.
The dire elephant zombie begins to glow.
The dire elephant zombie is heavily damaged.
The dire elephant zombie tramples you!
* * * LOW HITPOINT WARNING * * *
You stumble backwards!
You completely miss the dire elephant zombie.
You bite the dire elephant zombie, but do no damage.
The dire elephant zombie is heavily damaged.
The obsidian statue's eyes glow briefly.
The dire elephant zombie tramples you!
* * * LOW HITPOINT WARNING * * *
You hold your ground!
You block the dire elephant zombie's attack.
You hit the dire elephant zombie but do no damage.
The dire elephant zombie glows dangerously bright.
The dire elephant zombie is heavily damaged.
The dire elephant zombie tramples you!
* * * LOW HITPOINT WARNING * * *
You hold your ground!
The dire elephant zombie trunk-slaps you.
You die...
Your body glows with a rainbow of weird colours and disappears.

####...###♣♣##.....8#
##.<....# ###.####
#......# #.....##
#....####.....8# #......#
####....#'#########.....##
≈ #8.####.#.# #)##.....#
~≈ +.....#...# #+##P##..#
#p ....#..8# ♣8♣#######
##'Z#''#### ♣P5P#
#☼.§#...Pp#....##
##.§...9Z...P♣
##.P....PPP♣♣ ##.#..##.♣♣
###### ##


You could see a dire elephant zombie (heavy contam, ally target) and a friendly
guardian golem (summoned).

Vanquished Creatures
  Nessos (Lair:4)
  4 hydras
  A death yak (Lair:5)
  A boulder beetle (D:11)
  A shock serpent (Lair:5)
  2 skysharks (Lair:4)
  2 bog bodies (Lair:2)
  2 lindwurms (Lair:3)
  2 necromancers (Lair:5)
  2 manticores (D:11)
  Maurice (D:8)
  A dire elephant zombie (Lair:5)
  11 elephants
  3 black mambas
  3 gargoyles (D:10)
  12 cane toads
  Psyche (D:8)
  A dire elephant skeleton (Lair:5)
  7 komodo dragons
  2 trolls (D:11)
  6 polar bears
  12 blink frogs
  Prince Ribbit (D:5)
  A spectral elephant (Lair:5)
  A jumping spider (Lair:2)
  A shadow (D:11)
  45 yaks
  5 wyverns
  A fire bat (D:7)
  2 humans
  4 hogs (D:8)
  A steam dragon (D:9)
  A redback (Lair:2)
  A death yak simulacrum (Lair:5)
  A warg (shapeshifter) (D:10)
  3 spectral cane toads (Lair:5)
  A naga (Lair:4)
  15 water moccasins
  10 black bears
  2 orc warriors
  2 sky beasts
  2 ice beasts
  2 elephant zombies (Lair:5)
  20 wolves
  3 elephant skeletons (Lair:5)
  6 centaurs
  A phantom (D:7)
  Blork the orc (D:4)
  14 bullfrogs
  6 scorpions
  22 killer bees
  2 howler monkeys
  2 hounds (D:5)
  A jelly (D:7)
  5 orc priests
  An iron imp (D:9)
  Crazy Yiuf (D:7)
  2 sleepcaps
  4 iguanas
  10 orc wizards
  3 adders
  2 gnolls
  A shadow imp (D:6)
  2 white imps
  4 ufetubi
  2 worms
  2 dart slugs
  22 orcs
  7 bats
  3 endoplasms
  9 giant cockroaches
  7 goblins
  9 hobgoblins
  2 jackals (D:2)
  4 quokkas
  6 ball pythons
  13 frilled lizards
  2 kobolds
  4 rats
  2 butterflies (D:9)
387 creatures vanquished.

Vanquished Creatures (collateral kills)
  Rupert (Lair:3)
  A hydra (Lair:2)
  A two-headed ogre (D:11)
  An elephant (Lair:4)
  A black mamba (Lair:4)
  A cane toad (Lair:2)
  A komodo dragon (Lair:2)
  4 blink frogs (Lair:1)
  A polar bear (Lair:2)
  4 dream sheep (Lair:5)
  2 yaks (D:8)
  3 basilisks
  A water moccasin (Lair:1)
  A wolf (Lair:2)
  A bullfrog (Lair:2)
  An iguana (D:10)
  An orc (D:10)
26 creatures vanquished.

Vanquished Creatures (others)
  2 elephants
  3 dream sheep (Lair:5)
  A spectral elephant (Lair:5)
  A death yak simulacrum (Lair:5)
  A spectral cane toad (Lair:5)
  An elephant simulacrum (Lair:5)
  A quokka (Lair:4)
10 creatures vanquished.

Grand Total: 423 creatures vanquished

Notes
Turn   | Place    | Note
-------+----------+-------------------------------------------
     0 | D:1      | croobank the Gnoll Shapeshifter began the quest for the
                  | Orb.
     0 | D:1      | Reached XP level 1. HP: 17/17 MP: 1/1
    86 | D:1      | Reached XP level 2. HP: 23/23 MP: 2/2
   706 | D:2      | Reached XP level 3. HP: 28/28 MP: 3/3
   810 | D:2      | Reached skill level 1 in Invocations
  1028 | D:2      | Found a bloodstained altar of Trog.
  1079 | D:2      | Reached skill level 1 in Short Blades
  1079 | D:2      | Reached skill level 1 in Long Blades
  1079 | D:2      | Reached skill level 1 in Axes
  1079 | D:2      | Reached skill level 1 in Maces & Flails
  1079 | D:2      | Reached skill level 1 in Polearms
  1079 | D:2      | Reached skill level 1 in Staves
  1079 | D:2      | Reached skill level 1 in Ranged Weapons
  1079 | D:2      | Reached skill level 1 in Throwing
  1079 | D:2      | Reached skill level 1 in Armour
  1079 | D:2      | Reached skill level 1 in Stealth
  1079 | D:2      | Reached skill level 1 in Shields
  1079 | D:2      | Reached skill level 1 in Spellcasting
  1079 | D:2      | Reached skill level 1 in Evocations
  1523 | D:3      | Reached XP level 4. HP: 18/31 MP: 5/5
  1610 | D:3      | Found a faded altar of an unknown god.
  1633 | D:3      | Prayed at the altar of an unknown god.
  1633 | D:3      | Became a worshipper of Nemelex Xobeh the Trickster
  1633 | D:3      | Reached * piety under Nemelex Xobeh
  1633 | D:3      | Received a gift from Nemelex Xobeh
  1886 | D:3      | Found a bloodstained altar of Trog.
  2027 | D:3      | Reached skill level 1 in Conjurations
  2027 | D:3      | Reached skill level 1 in Hexes
  2027 | D:3      | Reached skill level 1 in Summonings
  2027 | D:3      | Reached skill level 1 in Necromancy
  2027 | D:3      | Reached skill level 1 in Translocations
  2027 | D:3      | Reached skill level 1 in Transmutations
  2027 | D:3      | Reached skill level 1 in Fire Magic
  2027 | D:3      | Reached skill level 1 in Ice Magic
  2027 | D:3      | Reached skill level 1 in Air Magic
  2027 | D:3      | Reached skill level 1 in Earth Magic
  2027 | D:3      | Reached skill level 1 in Poison Magic
  2225 | D:4      | Found a shimmering blue altar of Sif Muna.
  2243 | D:4      | Noticed an ice beast
  2257 | D:4      | Killed an ice beast
  2258 | D:4      | Reached XP level 5. HP: 39/41 MP: 5/7
  2320 | D:4      | Identified a scroll of acquirement
  2320 | D:4      | Acquired an Inescapable Atlas
  2461 | D:4      | Noticed Blork the orc
  2486 | D:4      | Killed Blork the orc
  2487 | D:4      | Reached XP level 6. HP: 16/47 MP: 8/8
  2649 | D:4      | Reached skill level 5 in Dodging
  2966 | D:4      | Reached ** piety under Nemelex Xobeh
  2971 | D:4      | Found a staircase to the Ecumenical Temple.
  3073 | D:4      | Found a shadowy altar of Dithmenos.
  3338 | D:4      | Found an opulent altar of Gozag.
  3425 | D:4      | Found a stormy altar of Qazlal.
  3580 | D:5      | Entered Level 5 of the Dungeon
  3664 | D:5      | Received a gift from Nemelex Xobeh
  3825 | D:5      | Noticed a black bear
  3840 | D:5      | Killed a black bear
  3841 | D:5      | Reached skill level 7 in Unarmed Combat
  3841 | D:5      | Reached XP level 7. HP: 52/52 MP: 10/10
  3880 | D:5      | Noticed Prince Ribbit
  3881 | D:5      | Reached *** piety under Nemelex Xobeh
  3902 | D:5      | Killed Prince Ribbit
  3985 | D:5      | Found a burning altar of Makhleb.
  4439 | D:6      | Reached XP level 8. HP: 49/60 MP: 12/12
  4694 | D:6      | Found a glowing golden altar of the Shining One.
  5864 | D:7      | Found a runed translucent door.
  5865 | D:7      | Noticed Crazy Yiuf
  5947 | D:7      | Killed Crazy Yiuf
  5948 | D:7      | Reached XP level 9. HP: 66/66 MP: 14/14
  5951 | D:7      | Identified the +4 hammer of Destiny {holy, Fly Dex-2 SInv}
  6011 | D:7      | Noticed Maggie
  6014 | D:7      | Maggie changed into Maggie the fire bat
  6014 | D:7      | Noticed Maggie
  6018 | D:7      | Killed Maggie the fire bat
  6077 | D:7      | Received a gift from Nemelex Xobeh
  6158 | D:7      | Reached skill level 5 in Fighting
  6461 | D:7      | Identified the +1 rapier of Ligha {spect, MP+9 Int+3
                  | Stlth-}
  6778 | D:7      | Found a hide-covered altar of Uskayaw.
  6919 | D:7      | Reached skill level 8 in Unarmed Combat
  6989 | D:7      | Found a blossoming altar of Fedhas.
  7048 | D:8      | Reached **** piety under Nemelex Xobeh
  7060 | D:8      | Received a gift from Nemelex Xobeh
  7065 | D:8      | Noticed Maurice
  7073 | D:8      | Noticed Psyche
  7078 | D:8      | Reached skill level 5 in Invocations
  7094 | D:8      | Killed Psyche
  7100 | D:8      | Maurice stole a ring of positive energy
  7105 | D:8      | Something stole a +2 short sword of draining
  7106 | D:8      | Killed Maurice
  7107 | D:8      | Reached skill level 5 in Short Blades
  7107 | D:8      | Reached skill level 5 in Long Blades
  7107 | D:8      | Reached skill level 5 in Axes
  7107 | D:8      | Reached skill level 5 in Maces & Flails
  7107 | D:8      | Reached skill level 5 in Polearms
  7107 | D:8      | Reached skill level 5 in Staves
  7107 | D:8      | Reached skill level 5 in Ranged Weapons
  7107 | D:8      | Reached skill level 5 in Throwing
  7107 | D:8      | Reached skill level 5 in Armour
  7107 | D:8      | Reached skill level 5 in Stealth
  7107 | D:8      | Reached skill level 5 in Shields
  7107 | D:8      | Reached skill level 5 in Spellcasting
  7107 | D:8      | Reached skill level 5 in Evocations
  7107 | D:8      | Reached XP level 10. HP: 36/76 MP: 17/17
  7450 | D:8      | Found a hazy altar of Hepliaklqana.
  8162 | D:8      | Found Cenuopit's General Store.
  8184 | D:8      | Bought a potion of brilliance for 56 gold pieces
  8184 | D:8      | Bought a wand of flame (12) for 117 gold pieces
  8184 | D:8      | Bought a wand of light (5) for 294 gold pieces
  8391 | D:8      | Received a gift from Nemelex Xobeh
  8678 | D:9      | Found a runed translucent door.
  8680 | D:9      | Found a runed translucent door.
  8876 | D:8      | Reached XP level 11. HP: 21/83 MP: 19/19
  8879 | D:8      | Reached skill level 9 in Unarmed Combat
  9074 | D:9      | Reached skill level 5 in Conjurations
  9074 | D:9      | Reached skill level 5 in Hexes
  9074 | D:9      | Reached skill level 5 in Summonings
  9074 | D:9      | Reached skill level 5 in Necromancy
  9074 | D:9      | Reached skill level 5 in Translocations
  9074 | D:9      | Reached skill level 5 in Transmutations
  9074 | D:9      | Reached skill level 5 in Fire Magic
  9074 | D:9      | Reached skill level 5 in Ice Magic
  9074 | D:9      | Reached skill level 5 in Air Magic
  9074 | D:9      | Reached skill level 5 in Earth Magic
  9074 | D:9      | Reached skill level 5 in Poison Magic
  9696 | D:9      | Received a gift from Nemelex Xobeh
  9769 | D:9      | Learned a level 2 spell: Blink
  9772 | D:9      | Learned a level 2 spell: Jinxbite
  9776 | D:9      | Learned a level 3 spell: Call Canine Familiar
  9780 | D:9      | Learned a level 3 spell: Summon Guardian Golem
  9885 | D:9      | Found a staircase to the Lair.
  9946 | D:9      | Found a snail-covered altar of Cheibriados.
 10067 | D:10     | Entered Level 10 of the Dungeon
 10109 | D:10     | Reached ***** piety under Nemelex Xobeh
 10425 | D:10     | Found a staircase to the Orcish Mines.
 10494 | D:10     | Received a gift from Nemelex Xobeh
 11504 | D:11     | Noticed a boulder beetle
 11518 | D:11     | Killed a boulder beetle
 11661 | D:11     | Found Piownoik's Distillery.
 11669 | D:11     | Bought a potion of invisibility for 104 gold pieces
 11711 | D:11     | Received a gift from Nemelex Xobeh
 11939 | D:11     | Received a gift from Nemelex Xobeh
 12018 | D:11     | Noticed a manticore
 12020 | D:11     | Killed a manticore
 12082 | D:11     | Noticed a manticore
 12103 | D:11     | Killed a manticore
 12515 | D:11     | Noticed a two-headed ogre
 12538 | D:11     | Killed a two-headed ogre
 12858 | D:12     | Noticed a skeletal warrior
 12858 | D:12     | Noticed a skeletal warrior
 12858 | D:12     | Noticed a skeletal warrior
 12858 | D:12     | Noticed a skeletal warrior
 12943 | Lair:1   | Entered Level 1 of the Lair of Beasts
 12950 | Lair:1   | Received a gift from Nemelex Xobeh
 12987 | Lair:1   | Reached XP level 12. HP: 35/91 MP: 17/22
 13381 | Lair:1   | Learned a level 2 spell: Wereblood
 13385 | Lair:1   | Learned a level 3 spell: Frozen Ramparts
 14378 | Lair:1   | Received a gift from Nemelex Xobeh
 14737 | Lair:2   | Reached skill level 10 in Unarmed Combat
 14827 | Lair:2   | Noticed a seven-headed hydra
 14840 | Lair:2   | Killed a seven-headed hydra
 15222 | Lair:3   | Noticed an eight-headed hydra
 15263 | Lair:3   | Reached XP level 13. HP: 94/99 MP: 12/25
 15326 | Lair:2   | Received a gift from Nemelex Xobeh
 15475 | Lair:2   | Reached skill level 10 in Shapeshifting
 15895 | Lair:2   | Found a hole to the Spider Nest.
 16414 | Lair:2   | Found a staircase to the Swamp.
 16911 | Lair:3   | Noticed Rupert
 16928 | Lair:3   | Killed Rupert
 17311 | Lair:3   | Identified the +5 kite shield of Durable Music {rCorr}
 17864 | Lair:4   | Noticed Nessos
 17904 | Lair:4   | Killed Nessos
 18905 | Lair:4   | Reached skill level 10 in Dodging
 18905 | Lair:4   | Reached skill level 11 in Unarmed Combat
 19426 | Lair:4   | Found a staircase to the Slime Pits.
 19427 | Lair:4   | Found a viscous altar of Jiyva.
 19729 | Lair:4   | Learned a level 5 spell: Freezing Cloud
 19744 | Lair:5   | Entered Level 5 of the Lair of Beasts
 19748 | Lair:5   | Received a gift from Nemelex Xobeh
 19789 | Lair:5   | Reached XP level 14. HP: 99/108 MP: 21/26
 19845 | Lair:5   | Identified the +7 rapier "Osush" {freeze, Str+5}
 20514 | Lair:5   | Reached skill level 10 in Invocations
 20714 | Lair:5   | Received a gift from Nemelex Xobeh
 21115 | Lair:5   | Received a gift from Nemelex Xobeh
 21631 | Lair:5   | Noticed a dire elephant
 21631 | Lair:5   | Identified the +2 war axe of Muli {holy, rElec rPois rF+
                  | rC- Int+3}
 21631 | Lair:5   | Noticed a dire elephant
 21631 | Lair:5   | Noticed a dire elephant
 21631 | Lair:5   | Noticed a dire elephant
 23302 | Lair:5   | Slain by a dire elephant zombie

Illustrated notes

Levels and vault maps discovered:
D:1:      minmay_arrival_radiant_lines, layout_loops_cross
D:2:      layout_loops_cross, basic_altar, minmay_misc_feat_enclosed
D:3:      layout_basic, trog_three_pillars_becter,
          hellmonk_ecumenical_altar_pennies_from_heaven,
          kennysheep_generic_room_13
D:4:      layout_cave_pods, nicolae_qazlal_eye_of_the_storm,
          nicolae_overflow_hidden_temple,
          nicolae_dithmenos_through_a_glass_darkly, general_overflow_altar,
          minmay_temple_entry_trees, uniq_blork_the_orc
D:5:      layout_cave_pools, makhleb_heckhound_becter, serial_rivers,
          chequers_serial_rivers_micro_a, chequers_serial_rivers_room_a,
          chequers_serial_rivers_micro_b, chequers_serial_rivers_small_3,
          chequers_serial_rivers_micro_c, uniq_prince_ribbit1
D:6:      layout_loops_ring, kennysheep_mini, minmay_lizard_king
D:7:      layout_loops_ring, nicolae_overflow_crystal_walls,
          lemuel_doored_altar, uniq_maggie, uniq_crazy_yiuf_cottage
D:8:      layout_basic, old_standard_altar, serial_shops, shop_coins,
          grunt_livestock, uniq_psyche, uniq_maurice
D:9:      lemuel_insect_pit, layout_basic, slow_altar_2,
          grunt_lair_entry_orc_guard_hut
D:10:     cheibrodos_statue_roulette, layout_basic, david_orc_3
D:11:     layout_irregular_city, serial_shops, shop
D:12:     layout_loops_cross, uniq_sonja
Lair:1:   beast_lair_carwin_large_3, layout_gridlike
Lair:2:   layout_hall_layers, skrybe_swamp_entry_bodies, spider_nest_entry_a,
          st_stairs_3
Lair:3:   layout_roguey, grunt_megastairs_2, infiniplex_staircase_pool_2,
          lemuel_fruit_fields, uniq_rupert
Lair:4:   layout_misc_corridors, dpeg_slime_entry_corner, grunt_megastairs_4,
          serial_bayou_shore_b, uniq_nessos
Lair:5:   due_jungle_book, layout_regular_city

Skill      XL: |  1  2  3  4  5  6  7  8  9 10 11 12 13 14 |
---------------+-------------------------------------------+-----
Invocations    | 1 2 3 4 5 6 7 8 9 10 | 10.4
Short Blades   | 1 2 3 5 7 8 9 |  9.5
Long Blades    | 1 2 3 5 7 8 9 |  9.5
Axes           | 1 2 3 5 7 8 9 |  9.5
Maces & Flails | 1 2 3 5 7 8 9 |  9.5
Polearms       | 1 2 3 5 7 8 9 |  9.5
Staves         | 1 2 3 5 7 8 9 |  9.5
Ranged Weapons | 1 2 3 5 7 8 9 |  9.5
Throwing       | 1 2 3 5 7 8 9 |  9.5
Armour         | 1 2 3 5 7 8 9 |  9.5
Stealth        | 1 2 3 5 7 8 9 |  9.5
Shields        | 1 2 3 5 7 8 9 |  9.5
Spellcasting   | 1 2 3 5 7 8 9 |  9.5
Evocations     | 1 2 3 5 7 8 9 |  9.5
Conjurations   | 1 2 3 4 5 6 7 8 |  8.0
Hexes          | 1 2 3 4 5 6 7 8 |  8.0
Summonings     | 1 2 3 4 5 6 7 8 |  8.0
Necromancy     | 1 2 3 4 5 6 7 8 |  8.0
Translocations | 1 2 3 4 5 6 7 8 |  8.0
Transmutations | 1 2 3 4 5 6 7 8 |  8.0
Fire Magic     | 1 2 3 4 5 6 7 8 |  8.0
Ice Magic      | 1 2 3 4 5 6 7 8 |  8.0
Air Magic      | 1 2 3 4 5 6 7 8 |  8.0
Earth Magic    | 1 2 3 4 5 6 7 8 |  8.0
Poison Magic   | 1 2 3 4 5 6 7 8 |  8.0
Fighting       | 3 4 5 6 7 8 9 |  9.9
Dodging        | 5 6 7 8 9 10 | 10.6
Unarmed Combat | 7 8 9 10 11 | 11.5
Shapeshifting  | 7 8 9 10 | 10.9

Action                     |  1- 3 |  4- 6 |  7- 9 | 10-12 | 13-15 || total
---------------------------+-------+-------+-------+-------+-------++-------
  Melee: Unarmed           |    67 |   136 |   206 |   590 |   444 ||  1443
         Bite              |     4 |     7 |    19 |   105 |   102 ||   237
         Punch             |     2 |     5 |     6 |       |     2 ||    15
         Short sword       |       |       |       |       |   136 ||   136
         Maw               |       |       |       |       |    18 ||    18
  Throw: Dart              |       |     8 |     5 |       |       ||    13
         Throwing net      |       |     1 |       |       |       ||     1
   Cast: Summon Guardian G |       |       |       |     9 |    17 ||    26
         Call Canine Famil |       |       |       |     8 |    17 ||    25
         Blink             |       |       |       |     2 |       ||     2
         Frozen Ramparts   |       |       |       |    20 |    45 ||    65
         Wereblood         |       |       |       |    16 |    31 ||    47
         Jinxbite          |       |       |       |     1 |    15 ||    16
         Freezing Cloud    |       |       |       |       |     5 ||     5
 Invoke: Draw Destruction  |       |     1 |     7 |    10 |     2 ||    20
         Draw Escape       |       |       |     2 |     2 |     2 ||     6
         Draw Summoning    |       |       |       |     3 |     5 ||     8
         Triple Draw       |       |       |       |     2 |     2 ||     4
         Deal Four         |       |       |       |       |     3 ||     3
  Evoke: Wand              |       |       |     3 |     3 |     8 ||    14
         Condenser vane    |       |       |       |       |     1 ||     1
    Use: Scroll            |       |     7 |     9 |     7 |     7 ||    30
         Potion            |       |     2 |     1 |     3 |     1 ||     7
   Stab: Sleeping          |     3 |     1 |     4 |       |       ||     8
         Held in net/web   |       |     1 |       |       |       ||     1
         Invisible         |       |       |     2 |       |     1 ||     3
 Armour: Animal skin       |    19 |       |       |       |       ||    19
         Leather armour    |     3 |    73 |    46 |       |       ||   122
         Skin              |       |    11 |       |       |    26 ||    37
         Steam dragon scal |       |       |    53 |   419 |   316 ||   788
  Dodge: Dodged            |    44 |    62 |   123 |   421 |   336 ||   986
  Block: Other             |       |       |    33 |   156 |    95 ||   284
         Reflection        |       |       |     1 |     4 |     1 ||     6
         Kite shield       |       |       |       |       |   106 ||   106
         Buckler           |       |       |       |       |    19 ||    19
   Form: Flux              |       |       |     1 |       |     1 ||     2
                           |       |       |       |       |     1 ||     1
         Blade             |       |       |       |       |     1 ||     1
         Maw               |       |       |       |       |     1 ||     1

Table legend: (Time is in decaauts)
 A = Elapsed time spent in this place.
 B = Non-inter-level travel time spent in this place.
 C = Inter-level travel time spent in this place.
 D = Time resting spent in this place.
 E = Time spent auto-exploring this place.
 F = Levels seen in this place.
 G = Mean time per level.
                   A        B        C        D        E       F      G
               +--------+--------+--------+--------+--------+-----+--------+
         Total |  23015 |  22351 |    664 |   7515 |  10529 |  17 | 1353.8 |
       Dungeon |  12835 |  12238 |    597 |   3178 |   6933 |  12 | 1069.6 |
          Lair |  10179 |  10113 |     66 |   4337 |   3595 |   5 | 2035.8 |
               +--------+--------+--------+--------+--------+-----+--------+

Top non-repeatable levels by time:
  Lair:5: 2620 daAuts
  Lair:4: 2590 daAuts
     D:8: 2121 daAuts
  Lair:1: 1752 daAuts
  Lair:2: 1629 daAuts
  Lair:3: 1587 daAuts
     D:7: 1524 daAuts
    D:10: 1451 daAuts
     D:4: 1384 daAuts
    D:11: 1372 daAuts
     D:6: 976 daAuts
     D:5: 920 daAuts
     D:9: 899 daAuts
     D:3: 805 daAuts
     D:2: 713 daAuts
